 Seeded DCSS version 0.29-a0-472-ge5599a681e (webtiles) character file.

Game seed: 6774861435536819975 (custom seed)

3259 bwicke the Fighter (level 10, -9/80 HPs)
             Began as a Djinni Wanderer on May 22, 2022.
             Was a Follower of Makhleb.
             Mangled by a boulder beetle (44 damage)
             ... on level 8 of the Dungeon.
             The game lasted 00:28:34 (7567 turns).

bwicke the Fighter (Djinni Wanderer)                Turns: 7567, Time: 00:28:36

Health: -9/80      AC: 11    Str: 10    XL:     10   Next: 19%
Gold:   321        EV: 16    Int: 18    God:    Makhleb [*.....] SH:  0 Dex: 14

rFire   + + .      SeeInvis .   s - +2 short sword (venom)
rCold   . . .      Faith    .   (no shield)
rNeg    . . .      Spirit   .   O - +3 leather armour {rC+}
rPois   ∞          Reflect  .   Z - +0 helmet
rElec   .          Harm     .   (no cloak)
rCorr   .          Rampage  .   (no gloves)
Will    +....                   (boots unavailable)
Stlth   +.........              (no amulet)
HPRegen 0.23/turn               Y - +4 ring of evasion
MPRegen 0.00/turn               z - +4 ring of protection

@: flying, very slightly contaminated
A: sickness immunity, fire resistance 2, cold vulnerability 1, float, innate
caster, HP casting, extra vitality 1, wild magic 1, MP-powered wands
a: Renounce Religion


You were on level 8 of the Dungeon.
You worshipped Makhleb.
Makhleb was aware of your devotion.
You visited 2 branches of the dungeon, and saw 9 of its levels.
You also visited: Sewer.

You collected 347 gold pieces.
You spent 26 gold pieces at shops.

Inventory:

Hand Weapons
 n - a +0 spear
 s - a +2 short sword of venom (weapon)
 y - a +0 vorpal flail
 G - a +0 whip of freezing
 M - a +0 hunting sling
 N - a +1 falchion of freezing
 R - a +2 whip of flaming
 S - a +0 flail of holy wrath
Missiles
 e - 19 poisoned darts
 f - 3 atropa-tipped darts
 h - 92 stones
 k - 3 throwing nets
 K - 6 boomerangs of dispersal
Armour
 b - a +0 helmet
 d - a +0 robe
 O - a +3 leather armour of cold resistance (worn)
 Z - a +0 helmet (worn)
Jewellery
 m - a ring of protection from fire
 z - a +4 ring of protection (right hand)
 A - a ring of ice
 U - a ring of positive energy
 Y - a +4 ring of evasion (left hand)
Wands
 l - a wand of flame (5)
 r - a wand of digging (1)
 D - a wand of mindburst (7)
 V - a wand of polymorph (10)
Scrolls
 c - a scroll of vulnerability
 i - 2 scrolls of teleportation
 q - 2 scrolls of fear {unknown}
 u - a scroll of torment {unknown}
 B - a scroll of immolation {unknown}
 C - a scroll of summoning {unknown}
 E - a scroll of poison {unknown}
 I - a scroll of brand weapon {unknown}
 P - 2 scrolls of enchant weapon {unknown}
 Q - a scroll of silence {unknown}
 T - 2 scrolls of fog {unknown}
 W - a scroll of magic mapping {unknown}
Potions
 a - a potion of ambrosia {unknown}
 g - a potion of heal wounds
 j - a potion of haste {unknown}
 p - 2 potions of curing {unknown}
 t - a potion of cancellation {unknown}
 v - 2 potions of flight {unknown}
 w - 2 potions of degeneration {unknown}
 x - 2 potions of lignification
 H - 3 potions of might
 J - 2 potions of mutation
 L - 2 potions of invisibility
 X - a potion of brilliance {unknown}
Miscellaneous
 F - a piece from Xom's chessboard (15/15)


   Skills:
 - Level 10.0 Fighting
 - Level 3.6 Short Blades
 - Level 1.0 Throwing
 - Level 2.1 Dodging
 + Level 7.5 Spellcasting


You had 10 spell levels left.
You knew the following spells:

 Your Spells              Type           Power      Damage    Failure   Level
a - Stone Arrow           Conj/Erth      86%        3d12      3%          3
b - Sandblast             Erth           86%        2d18      1%          1
c - Necrotize             Necr           100%       1d9       1%          1
d - Call Imp              Summ           43%        N/A       2%          2
e - Dazzling Flash        Conj/Hex       86%        N/A       3%          3
f - Summon Lightning Spi  Summ/Air       43%        N/A       10%         4

Your spell library contained the following spells:

 Spells                   Type           Power      Damage    Failure   Level


Dungeon Overview and Level Annotations

Branches:
Dungeon (8/15)             Temple (1/1) D:6           Sewer (visited)
   Lair: D:8-11

Altars:
Ashenzari
Cheibriados
Dithmenos
Elyvilon
Fedhas
Gozag
Hepliaklqana
Kikubaaqudgha
Makhleb
Nemelex Xobeh
Okawaru
Qazlal
Ru
Sif Muna
Trog
Uskayaw
Vehumet
Wu Jian
Xom
Yredelemnul
Zin
The Shining One

Shops:
D:3 (   D:7 *((


Innate Abilities, Weirdness & Mutations

You are immune to sickness and miasma.
You are immune to poison.
Your flesh is very heat resistant. (rF++)
You are vulnerable to cold. (rC-)
You float through the air rather than walking.
You learn spells naturally, not from books.
Your magical power is your life essence.
You have superior vitality. (+4 MHP)
Your spells are a little harder to cast, but a little more powerful.
You expend health (3 HP) to strengthen your wands.


Message History

Press: ? - help, Shift-Dir - straight line, f/p - boulder beetle
Aim: a boulder beetle (severely wounded, ally target, 90% to hit, chance to blind on hit: 3%)
Okay, then.
Unknown command.
Throw: 20 darts (poison)
Press: ? - help, Shift-Dir - straight line, f/p - boulder beetle
Aim: a boulder beetle (severely wounded, ally target, 90% to hit)
You throw a poisoned dart.
The poisoned dart hits the boulder beetle.
The boulder beetle is poisoned.
The boulder beetle is severely wounded.
Your lightning spire disappears in a puff of smoke!
Casting: Call Imp (safe; 2% risk of failure)
Confirm with . or Enter, or press ? or * to list all spells.
Aiming: Stone Arrow (mildly dangerous; 3% risk of failure)
Press: ? - help, Shift-Dir - straight line, f/p - boulder beetle
Aim: a boulder beetle (severely wounded, poisoned, ally target, 100% to hit)
You miscast Stone Arrow.
You are very lightly contaminated with residual magic.
Nothing appears to happen.
Your crimson imp blinks!
The boulder beetle curls into a ball and begins rolling!
Casting: Stone Arrow (mildly dangerous; 3% risk of failure)
Confirm with . or Enter, or press ? or * to list all spells.
Aiming: Stone Arrow (mildly dangerous; 3% risk of failure)
Press: ? - help, Shift-Dir - straight line, f/p - boulder beetle
Aim: a boulder beetle (severely wounded, rolling, poisoned, 100% to hit)
The stone arrow hits the boulder beetle!
The boulder beetle is almost dead.
Unknown command.
Casting: Stone Arrow (mildly dangerous; 3% risk of failure)
Confirm with . or Enter, or press ? or * to list all spells.
Aiming: Stone Arrow (mildly dangerous; 3% risk of failure)
Press: ? - help, Shift-Dir - straight line, f/p - boulder beetle
Aim: a boulder beetle (almost dead, rolling, poisoned, 100% to hit)
The stone arrow hits the boulder beetle.
The boulder beetle is almost dead.
The boulder beetle hits you!!!
Ouch! That really hurt!
You die...

.. #.#
############
#..#.#
#..........#
..#.#.#..........#
#.#.#.#..........#
#.#.#.#..........#
#...#.#..B@......#
#.[.....○.........
#5.)...°...###+###
#...((°....#
#.#>§......#
#.#.#......# #
#)#......#
#)#......#
..#......#


You could see a boulder beetle (rolling, poisoned).

Vanquished Creatures
  Pikel (D:4)
  Sigmund (D:2)
  Edmund (D:6)
  A water moccasin (D:7)
  2 black bears (D:6)
  2 ogres
  A lemure (D:4)
  A kobold brigand (D:7)
  4 bullfrogs
  3 scorpions
  2 hounds
  2 jellies (D:7)
  3 orc priests
  Natasha (twice) (D:2)
  7 iguanas
  6 orc wizards
  4 gnolls
  9 adders
  2 white imps
  3 ufetubi
  3 worms
  4 dart slugs
  23 orcs
  7 bats
  3 endoplasms (D:1)
  17 giant cockroaches
  9 goblins
  2 hobgoblins
  9 quokkas
  10 ball pythons
  11 frilled lizards
  14 kobolds
  4 rats
  A butterfly (D:4)
174 creatures vanquished.

Vanquished Creatures (collateral kills)
  Eustachio (D:6)
  A black bear (D:6)
  An ice beast (D:6)
  A gnoll sergeant (D:8)
  2 howler monkeys
  2 orc priests (D:6)
  2 jellies
  2 iguanas (D:5)
  5 gnolls
  A shadow imp (D:7)
  A white imp (D:7)
  An ufetubus (D:6)
  2 orcs
22 creatures vanquished.

Grand Total: 196 creatures vanquished

Notes
Turn   | Place    | Note
-------+----------+-------------------------------------------
     0 | D:1      | bwicke the Djinni Wanderer began the quest for the Orb.
     0 | D:1      | Reached XP level 1. HP: 17/17 MP: 0/0
    92 | D:1      | Reached XP level 2. HP: 21/22 MP: 0/0
   778 | D:1      | Found a faded altar of an unknown god.
   847 | D:1      | Reached XP level 3. HP: 27/27 MP: 0/0
   847 | D:1      | Learned a level 1 spell: Necrotize
  1207 | D:2      | Noticed Natasha
  1211 | D:2      | Killed Natasha
  1212 | D:2      | Reached XP level 4. HP: 29/32 MP: 0/0
  1245 | D:2      | Noticed Natasha
  1251 | D:2      | Killed Natasha
  1853 | D:2      | Noticed Sigmund
  1865 | D:2      | Killed Sigmund
  1866 | D:2      | Reached XP level 5. HP: 29/37 MP: 0/0
  1866 | D:2      | Learned a level 2 spell: Call Imp
  1866 | D:2      | Reached XP level 6. HP: 33/42 MP: 0/0
  2360 | D:3      | Found an iron altar of Okawaru.
  2489 | D:3      | Found Synli's Weapon Boutique.
  2765 | D:3      | Reached skill level 5 in Spellcasting
  3009 | D:4      | Noticed Pikel
  3042 | D:4      | Found a shimmering altar of Xom.
  3045 | D:4      | Killed Pikel
  3046 | D:4      | Reached skill level 5 in Fighting
  3046 | D:4      | Reached XP level 7. HP: 8/54 MP: 0/0
  3046 | D:4      | Learned a level 3 spell: Dazzling Flash
  3046 | D:4      | Reached XP level 8. HP: 9/60 MP: 0/0
  3423 | D:4      | Reached skill level 6 in Fighting
  3545 | D:4      | Found a glowing drain.
  3563 | Sewer    | Entered a sewer
  3723 | Sewer    | Reached skill level 7 in Fighting
  4530 | D:5      | Entered Level 5 of the Dungeon
  4720 | D:5      | Reached skill level 8 in Fighting
  4976 | D:5      | Reached XP level 9. HP: 65/70 MP: 0/0
  4976 | D:5      | Learned a level 4 spell: Summon Lightning Spire
  5360 | D:6      | Found a staircase to the Ecumenical Temple.
  5372 | D:6      | Reached skill level 9 in Fighting
  5374 | Temple   | Entered the Ecumenical Temple
  5501 | Temple   | Became a worshipper of Makhleb the Destroyer
  5526 | D:6      | Noticed Eustachio
  5556 | D:6      | Killed Eustachio
  6028 | D:6      | Noticed Edmund
  6034 | D:6      | Killed Edmund
  6035 | D:6      | Reached skill level 10 in Fighting
  6223 | D:6      | Reached * piety under Makhleb
  6737 | D:6      | Found a glowing silver altar of Zin.
  6851 | D:7      | Found Judey's Weapon Shop.
  6887 | D:7      | Reached XP level 10. HP: 72/80 MP: 0/0
  7015 | D:7      | Found Wusunaj's Weapon Boutique.
  7024 | D:7      | Found Lysal's General Store.
  7050 | D:7      | Bought a scroll of identify for 26 gold pieces
  7054 | D:7      | Gained mutation: You expend health (3 HP) to strengthen
                  | your wands. [potion of mutation]
  7054 | D:7      | Gained mutation: Your spells are a little harder to cast,
                  | but a little more powerful. [potion of mutation]
  7364 | D:7      | Found a sacrificial altar of Ru.
  7551 | D:8      | Noticed a boulder beetle
  7567 | D:8      | Mangled by a boulder beetle

Illustrated notes

Levels and vault maps discovered:
D:1:      nzn_arrival_water_spiral, layout_basic, basic_ecumenical_altar
D:2:      layout_loops_corners, uniq_natasha, uniq_sigmund
D:3:      layout_basic, okawaru_altar_gauntlet_db, serial_shops, shop_statue
D:4:      layout_loops_ring, xom_butterflies, gup_sewer_entry_pipe,
          nicolae_elevator_lobby_asterisk, uniq_pikel
D:5:      layout_rooms, corexii_leaking_fountain
D:6:      layout_loops_ring, zin_treasury, minmay_temple_entry_gardened_gates,
          grunt_decor_junction, grunt_decor_mini_mirrors, nicolae_benzene_ring,
          wad_rectangle_vault, uniq_edmund, uniq_eustachio
D:7:      layout_rooms, general_overflow_altar, serial_shops,
          nicolae_lakefront_shop, nicolae_shop_advertising_works
          [nicolae_subvault_shop_adworks], nicolae_shop_bloodbath_and_beyond
D:8:      layout_basic, nicolae_ossuary_entry_plus
Temple:   regret_index_temple_mists

Skill      XL: |  1  2  3  4  5  6  7  8  9 10 |
---------------+-------------------------------+-----
Spellcasting   | 2 3 4 5 6 7 |  7.5
Fighting       | 5 8 10 | 10.0
Short Blades   | |  3.6
Throwing       | |  1.0
Dodging        | |  2.1

Action                   |  1- 3 |  4- 6 |  7- 9 | 10-12 || total
-------------------------+-------+-------+-------+-------++-------
Melee: Short sword       |    63 |    90 |   193 |    36 ||   382
       Punch             |       |     2 |     2 |       ||     4
Throw: Dart              |       |       |       |     2 ||     2
 Cast: Sandblast         |     2 |    18 |    57 |    14 ||    91
       Necrotize         |     2 |     4 |    19 |       ||    25
       Stone Arrow       |       |     4 |    15 |     6 ||    25
       Call Imp          |       |     1 |     3 |     2 ||     6
       Dazzling Flash    |       |       |     1 |     1 ||     2
       Summon Lightning  |       |       |     8 |     4 ||    12
  Use: Scroll            |       |       |     2 |     5 ||     7
       Potion            |       |       |       |     2 ||     2
 Stab: Sleeping          |     2 |       |       |       ||     2
       Invisible         |       |       |       |     2 ||     2
Armor: Robe              |    21 |    29 |    29 |       ||    79
       Leather armour    |       |       |    29 |    10 ||    39
Dodge: Dodged            |    36 |    72 |   113 |    24 ||   245

Table legend: (Time is in decaauts)
 A = Elapsed time spent in this place.
 B = Non-inter-level travel time spent in this place.
 C = Inter-level travel time spent in this place.
 D = Time resting spent in this place.
 E = Time spent auto-exploring this place.
 F = Levels seen in this place.
 G = Mean time per level.
                   A        B        C        D        E       F      G
               +--------+--------+--------+--------+--------+-----+--------+
         Total |   7532 |   7313 |    219 |    237 |   4955 |  10 |  753.2 |
       Dungeon |   7046 |   6827 |    219 |    237 |   4805 |   8 |  880.8 |
        Temple |    148 |    148 |      0 |      0 |      0 |   1 |  148.0 |
         Sewer |    337 |    337 |      0 |      0 |    150 |   1 |  337.0 |
               +--------+--------+--------+--------+--------+-----+--------+

Top non-repeatable levels by time:
     D:6: 1335 daAuts
     D:1: 1195 daAuts
     D:3: 1162 daAuts
     D:2: 957 daAuts
     D:4: 857 daAuts
     D:5: 815 daAuts
     D:7: 649 daAuts
   Sewer: 337 daAuts
  Temple: 148 daAuts
     D:8: 74 daAuts
